 Dungeon Crawl Stone Soup version 0.28-a0-245-g639a1a48b9 (webtiles) character file.

Game seed: 13953359425222161055

2771 Froggeryz the Slicer (level 9, 0/84 HPs)
             Began as an Octopode Berserker on Aug 25, 2021.
             Was an Elder of Trog.
             Succumbed to a killer bee's poison
             ... on level 7 of the Dungeon.
             The game lasted 00:05:51 (6340 turns).

Froggeryz the Slicer (Octopode Berserker)           Turns: 6340, Time: 00:05:51

Health: 0/84       AC:  1    Str: 16    XL:     9   Next: 69%
Magic:  9/9        EV: 15    Int: 15    God:    Trog [****..]
Gold:   321        SH:  0    Dex: 15    Spells: 8/8 levels left

rFire   . . .      SeeInvis .   o - +1 dagger (elec)
rCold   + . .      Faith    .   (no shield)
rNeg    . . .      Spirit   .   (helmet restricted)
rPois   .          Reflect  .   (no amulet)
rElec   .          Harm     .   i - +6 ring of intelligence
rCorr   .          Rampage  .   r - ring of protection from cold
Will    .....                   (no ring)
Stlth   ..........              (no ring)
HPRegen 0.24/turn               (no ring)
MPRegen 0.11/turn               (no ring)
                                (no ring)
                                (no ring)

@: berserking, lethally poisoned (0 -> -4), very quick
A: almost no armour, amphibious, 8 rings, camouflage 1, gelatinous body 1,
(nimble swimmer 1), tentacles
a: Renounce Religion, Berserk, Trog's Hand, Brothers in Arms


You were on level 7 of the Dungeon.
You worshipped Trog.
Trog was greatly pleased with you.
You visited 1 branch of the dungeon, and saw 7 of its levels.

You collected 321 gold pieces.

Inventory:

Hand Weapons
 o - a +1 dagger of electrocution (weapon)
Missiles
 f - 15 poisoned darts (quivered)
 q - 2 boomerangs
 t - 6 javelins
Jewellery
 i - a +6 ring of intelligence (left tentacle)
 r - a ring of protection from cold (right tentacle)
Wands
 p - a wand of iceblast (16)
Scrolls
 j - a scroll of fear {unknown}
 k - a scroll of silence {unknown}
 m - a scroll of blinking
 n - 2 scrolls of enchant armour
 s - a scroll of summoning
 w - a scroll of teleportation
Potions
 a - a potion of lignification {unknown}
 b - a potion of might {unknown}
 c - a potion of resistance {unknown}
 d - 4 potions of heal wounds
 e - a potion of curing {unknown}
 g - a potion of flight {unknown}
 h - a potion of magic {unknown}
 l - 2 potions of attraction {unknown}
 u - 2 potions of ambrosia {unknown}


   Skills:
 - Level 3.0 Fighting
 - Level 10.0 Short Blades
 - Level 6.2 Throwing
 + Level 4.6 Dodging
 - Level 5.0 Stealth
 + Level 3.6 Evocations


You had 8 spell levels left.
You didn't know any spells.
Your spell library was empty.

Dungeon Overview and Level Annotations

Branches:
Dungeon (7/15)             Temple (0/1) D:6

Altars:
Ru

Shops:
D:2 :*:


Innate Abilities, Weirdness & Mutations

You cannot wear most types of armour.
You are amphibious.
You can wear up to eight rings at the same time.
Your skin changes colour to match your surroundings (Stealth+).
Your rubbery body absorbs attacks. (AC +1, EV +1)
((You are camouflaged near water. (Stealth+)))
You have tentacles for arms and can constrict up to eight enemies at once.


Message History

* * * LOW HITPOINT WARNING * * *
A kobold comes into view.
It is wielding a +0 dagger of protection.
You puncture the killer bee!
The killer bee is almost dead.
You constrict the killer bee. x2; You feel sick.
The killer bee completely misses you. The killer bee stings you.
* * * LOW HITPOINT WARNING * * *
You hit the killer bee.
You kill the killer bee!
Trog accepts your kill.
You constrict the killer bee, but do no damage.
You feel sick.
You hit the killer bee.
Lightning courses through the killer bee!!
You kill the killer bee!
Trog accepts your kill.
The kobold throws a poisoned dart.
The poisoned dart closely misses you.
You feel sick.
Items here: ††††.
You hit the kobold.
You kill the kobold!
Trog accepts your kill.
You puncture the kobold brigand! Your grab misses the kobold brigand.
You squeeze the kobold brigand.
The kobold brigand is severely wounded.
You feel sick.
A kobold comes into view.
It is wielding a +0 short sword and quivering poisoned darts.
You barely miss the kobold. You grab the kobold. You squeeze the kobold.
You kill the kobold!
Trog accepts your kill.
The kobold brigand hits you with a +0 whip!
* * * LOW HITPOINT WARNING * * *
You hit the kobold brigand.
Lightning courses through the kobold brigand!
You kill the kobold brigand!
Trog accepts your kill.
You hit the kobold.
You kill the kobold!
Trog accepts your kill.
You die...

#.......#
#.#####.#
#.##..#.#
#.##..#.#
#...(<#.#
##########.#
#..........#
#.##########
#@†......
#))......
K..######
.#..# #.#..#
# #..# #..#
#..#


You could see a kobold.

Vanquished Creatures
  Grinder (D:3)
  Sigmund (D:6)
  A wraith (D:6)
  Menkaure (D:6)
  A steam dragon (D:6)
  A sky beast (D:5)
  A black bear (D:5)
  3 ogres (D:5)
  2 necrophages
  2 centaurs (D:6)
  2 kobold brigands
  2 scorpions
  A water moccasin zombie (D:6)
  A wyvern skeleton (D:6)
  6 killer bees (D:7)
  A water moccasin skeleton (D:6)
  A bullfrog zombie (D:6)
  A centaur zombie (D:6)
  3 bullfrog skeletons
  A hound (D:4)
  3 orc priests
  Terence (D:3)
  2 iguanas
  Natasha (twice) (D:3)
  3 orc wizards (D:6)
  A white imp (D:5)
  An ufetubus (D:5)
  An adder skeleton (D:5)
  A worm (D:2)
  4 dart slugs
  14 orcs
  10 ball pythons
  3 endoplasms
  5 giant cockroaches
  10 hobgoblins
  7 jackals
  5 quokkas
  7 bats
  5 frilled lizards
  10 goblins
  8 kobolds
  3 rats
139 creatures vanquished.

Notes
Turn   | Place    | Note
-------+----------+-------------------------------------------
     0 | D:1      | Froggeryz the Octopode Berserker began the quest for the
                  | Orb.
     0 | D:1      | Reached XP level 1. HP: 16/16 MP: 1/1
   181 | D:1      | Reached skill level 1 in Stealth
   192 | D:1      | Reached XP level 2. HP: 21/21 MP: 2/2
   397 | D:1      | Reached XP level 3. HP: 19/26 MP: 3/3
   481 | D:1      | Reached ** piety under Trog
   572 | D:1      | Found a faded altar of an unknown god.
   854 | D:1      | Reached skill level 4 in Short Blades
  1166 | D:2      | Found Pohijeun's Book Shop.
  1167 | D:2      | Found Widiy's General Store.
  1471 | D:2      | Found Esaxt's Book Shop.
  1553 | D:2      | Reached XP level 4. HP: 26/31 MP: 4/4
  2015 | D:3      | HP: 1/31 [orc (11)]
  2194 | D:3      | Noticed Natasha
  2200 | D:3      | Killed Natasha
  2282 | D:3      | Reached XP level 5. HP: 27/36 MP: 5/5
  2283 | D:3      | Reached skill level 5 in Short Blades
  2505 | D:3      | Reached *** piety under Trog
  2525 | D:3      | Noticed Grinder
  2528 | D:3      | Killed Grinder
  2529 | D:3      | Reached skill level 6 in Short Blades
  2529 | D:3      | Reached skill level 5 in Stealth
  2529 | D:3      | Reached XP level 6. HP: 35/42 MP: 6/6
  2716 | D:3      | Noticed Terence
  2725 | D:3      | Killed Terence
  2859 | D:3      | Noticed Natasha
  2864 | D:3      | Killed Natasha
  3046 | D:4      | Reached skill level 1 in Throwing
  3231 | D:4      | Reached XP level 7. HP: 44/46 MP: 7/7
  3831 | D:5      | Entered Level 5 of the Dungeon
  4165 | D:5      | Reached skill level 7 in Short Blades
  4541 | D:5      | Reached skill level 8 in Short Blades
  4541 | D:5      | Reached XP level 8. HP: 52/52 MP: 8/8
  4658 | D:5      | Found a sacrificial altar of Ru.
  5481 | D:6      | Reached skill level 9 in Short Blades
  5507 | D:6      | Noticed Menkaure
  5512 | D:6      | Killed Menkaure
  5546 | D:6      | Found a staircase to the Ecumenical Temple.
  5552 | D:6      | Reached XP level 9. HP: 56/56 MP: 9/9
  5587 | D:6      | Reached skill level 5 in Throwing
  5592 | D:6      | Noticed Sigmund
  5599 | D:6      | Killed Sigmund
  5601 | D:6      | Reached skill level 10 in Short Blades
  5978 | D:6      | Reached skill level 1 in Evocations
  6169 | D:6      | Reached **** piety under Trog
  6338 | D:7      | HP: 1/84 [kobold brigand (7)]
  6340 | D:7      | Succumbed to a killer bee's poison

Illustrated notes

Levels and vault maps discovered:
D:1:      ebering_trefoil_twist, layout_loops_cross,
          chequers_ecumenical_altar_twisty, chequers_serial_rivers_micro_c,
          patterned_corridor
D:2:      layout_rooms, serial_shops, shop, shop, nicolae_shop_statue_plus
D:3:      layout_loops_ring, minmay_pentangle, uniq_natasha, uniq_terence,
          uniq_grinder
D:4:      layout_basic
D:5:      layout_loops_corners, nicolae_ru_path_of_blood, serial_park_tiny_2,
          kennysheep_small_spiral, kennysheep_donut
D:6:      layout_loops_ring, minmay_temple_entry_fiery, serial_glass,
          glass_columns_b, glass_columns_a, uniq_sigmund, uniq_menkaure
D:7:      minmay_klotski, layout_basic, serial_shops, nicolae_square_shop,
          roderic_roman_lattice, minmay_misc_feat_tiny, dk_noncrumbling_2

Skill      XL: |  1  2  3  4  5  6  7  8  9 |
---------------+----------------------------+-----
Stealth        | 1 2 3 5 |  5.0
Short Blades   | 4 6 8 9 10 | 10.0
Throwing       | 1 3 4 6 |  6.2
Evocations     | 3 |  3.6
Dodging        | 4 |  4.6
Fighting       | |  3.0

Action                   |  1- 3 |  4- 6 |  7- 9 || total
-------------------------+-------+-------+-------++-------
Melee: Short sword       |    75 |    23 |       ||    98
       Constrict         |    21 |    20 |    26 ||    67
       Tentacles         |    15 |    11 |    21 ||    47
       Dagger            |       |    45 |   135 ||   180
Invok: Berserk           |       |     2 |     2 ||     4
  Use: Potion            |       |     1 |       ||     1
       Scroll            |       |       |     9 ||     9
 Stab: Sleeping          |    12 |    12 |    20 ||    44
Armor: Skin              |     8 |     3 |     1 ||    12
Dodge: Dodged            |    38 |    31 |    62 ||   131

Table legend: (Time is in decaauts)
 A = Elapsed time spent in this place.
 B = Non-inter-level travel time spent in this place.
 C = Inter-level travel time spent in this place.
 D = Time resting spent in this place.
 E = Time spent auto-exploring this place.
 F = Levels seen in this place.
 G = Mean time per level.
                   A        B        C        D        E       F      G
               +--------+--------+--------+--------+--------+-----+--------+
         Total |   6291 |   5921 |    370 |    267 |   4808 |   7 |  898.7 |
       Dungeon |   6291 |   5921 |    370 |    267 |   4808 |   7 |  898.7 |
               +--------+--------+--------+--------+--------+-----+--------+

Top non-repeatable levels by time:
     D:5: 1615 daAuts
     D:3: 1290 daAuts
     D:1: 1119 daAuts
     D:6: 811 daAuts
     D:4: 796 daAuts
     D:2: 622 daAuts
     D:7: 37 daAuts
